Map: [ESL] Cosmic Sapphire

Players

NightMare - Winner!

  • Race: Protoss Protoss
  • Spawn Location: 11:00

GungFuBanDa

  • Race: Protoss Protoss
  • Spawn Location: 5:00

Event: DreamHack SC2 Masters 2022 Atlanta (Offline)

VOD

Have the link to the VOD?

Description

Time

  • Played on: Nov. 18, 2022, 8:52 p.m.
  • Length: 10:15

All games in this series

Show
View Real Time Build Order
Export as new Build Order

NightMare Protoss - Winner!

Build Orders: Phoenix Opening 

Get SALT Encoding   

  12  0:00  Probe  
  13  0:12  Probe  
  14  0:16  Pylon  
  14  0:24  Probe (Chrono Boost)  
  15  0:36  Gateway, Probe (Chrono Boost)  
  16  0:44  Probe (Chrono Boost)  
  16  0:48  Assimilator  
  17  0:50  Probe  
  17  0:55  Assimilator  
  18  1:03  Probe (Chrono Boost)  
  19  1:08  Gateway  
  20  1:12  Probe (Chrono Boost)  
  20  1:17  Probe (Chrono Boost)  
  20  1:24  Cybernetics Core  
  21  1:29  Probe  
  22  1:34  Pylon  
  22  1:41  Probe  
  23  1:53  Probe  
  18  2:01  Stalker x2  
  24  2:02  Warp Gate  
  28  2:11  Probe  
  28  2:12  Pylon  
  29  2:26  Pylon  
  29  2:33  Adept x2  
  33  2:50  Stargate  
  33  3:01  Pylon  
  33  3:09  Nexus  
  33  3:15  Shield Battery  
  33  3:25  Probe  
  34  3:32  Phoenix (Chrono Boost)  
  36  3:48  Phoenix (Chrono Boost)  
  35  3:51  Stalker x2  
  35  3:55  Probe  
  42  4:07  Probe  
  40  4:20  Probe, Pylon  
  39  4:24  Twilight Council  
  39  4:26  Probe  
  40  4:33  Probe  
  40  4:38  Probe  
  42  4:40  Sentry  
  42  4:42  Sentry  
  42  4:45  Probe  
  47  4:50  Probe  
  48  4:58  Probe (Chrono Boost)  
  49  5:02  Dark Shrine, Probe (Chrono Boost)  
  49  5:04  Assimilator  
  50  5:13  Probe (Chrono Boost)  
  52  5:14  Probe (Chrono Boost)  
  52  5:18  Probe (Chrono Boost)  
  52  5:21  Probe  
  54  5:23  Pylon  
  54  5:24  Blink (Chrono Boost)  
  54  5:25  Gateway  
  54  5:28  Probe  
  54  5:33  Probe  
  56  5:42  Probe  
  57  5:45  Gateway, Probe  
  58  5:54  Probe  
  58  5:55  Stalker  
  61  5:57  Probe, Pylon  
  62  6:06  Probe  
  62  6:09  Probe  
  64  6:15  Dark Templar  
  66  6:18  Dark Templar  
  66  6:21  Nexus  
  68  6:25  Pylon  
  68  6:32  Robotics Facility  
  68  6:33  Stalker  
  68  6:39  Probe x2  
  72  6:45  Stalker  
  74  6:48  Stalker  
  74  6:53  Probe x2, Stalker  
  78  7:03  Stalker  
  78  7:06  Pylon  
  78  7:07  Pylon  
  78  7:08  Stalker  
  80  7:20  Charge (Chrono Boost), Stalker x2  
  80  7:21  Probe x2  
  78  7:33  Observer (Chrono Boost)  
  78  7:36  Gateway x2  
  79  7:40  Gateway  
  75  7:46  Zealot x3  
  75  7:48  Zealot  
  81  7:52  Gateway  
  81  7:54  Warp Prism (Chrono Boost)  
  83  7:59  Probe  
  83  8:00  Probe  
  83  8:01  Probe  
  83  8:05  Pylon  
  86  8:10  Zealot x2  
  90  8:13  Zealot  
  90  8:15  Zealot  
  90  8:19  Probe x3  
  97  8:23  Observer  
  98  8:33  Zealot x5  
  108  8:35  Zealot  
  108  8:36  Zealot  
  108  8:51  Zealot x4  
  108  8:54  Zealot x3  
  108  8:57  Zealot  
  94  9:09  Zealot x3  
  92  9:12  Zealot  
  92  9:15  Zealot x3  
  92  9:20  Zealot  
  82  9:30  Zealot  
  82  9:31  Zealot x2  
  80  9:36  Zealot x4  
  86  9:43  Zealot  
  84  9:52  Dark Templar x3  
  84  9:56  Zealot x4  
  90  10:04  Zealot  
Show
View Real Time Build Order
Export as new Build Order

GungFuBanDa Protoss 

Build Orders: Oracle Opening 

Get SALT Encoding   

  12  0:00  Probe  
  13  0:12  Probe  
  14  0:17  Pylon  
  14  0:25  Probe (Chrono Boost)  
  15  0:37  Probe (Chrono Boost), Gateway  
  16  0:44  Probe (Chrono Boost)  
  16  0:46  Assimilator  
  17  0:51  Probe  
  17  0:54  Assimilator  
  18  1:03  Probe (Chrono Boost)  
  19  1:08  Gateway  
  19  1:13  Probe (Chrono Boost)  
  19  1:18  Probe (Chrono Boost)  
  20  1:25  Cybernetics Core  
  21  1:29  Probe  
  22  1:36  Pylon  
  22  1:42  Probe  
  23  1:54  Probe  
  24  2:00  Stalker  
  24  2:01  Stalker  
  28  2:03  Warp Gate  
  28  2:08  Probe  
  29  2:15  Pylon  
  29  2:28  Stargate  
  29  2:30  Pylon  
  29  2:36  Stalker  
  31  2:46  Stalker  
  32  2:56  Probe  
  33  3:08  Oracle (Chrono Boost)  
  36  3:24  Nexus  
  36  3:31  Pylon  
  36  3:38  Shield Battery  
  36  3:48  Cybernetics Core  
  36  3:49  Pylon  
  36  3:55  Stalker  
  38  4:05  Probe  
  38  4:07  Stalker  
  38  4:13  Shield Battery  
  36  4:17  Probe (Chrono Boost)  
  36  4:23  Sentry  
  36  4:26  Twilight Council  
  36  4:30  Probe (Chrono Boost)  
  37  4:31  Stalker  
  37  4:33  Shield Battery  
  37  4:38  Probe (Chrono Boost)  
  41  4:39  Probe (Chrono Boost)  
  41  4:41  Shield Battery  
  42  4:46  Probe (Chrono Boost)  
  42  4:47  Probe (Chrono Boost)  
  42  4:52  Probe  
  43  4:53  Sentry  
  43  4:56  Probe  
  43  4:58  Stalker  
  49  5:04  Probe  
  49  5:06  Blink (Chrono Boost)  
  50  5:10  Probe  
  51  5:16  Probe  
  50  5:22  Probe, Stalker  
  50  5:28  Probe  
  54  5:29  Assimilator, Stalker  
  54  5:34  Probe  
  57  5:40  Probe  
  57  5:42  Forge  
  58  5:44  Gateway  
  58  5:46  Probe  
  59  5:53  Probe  
  59  5:56  Robotics Facility  
  60  5:58  Probe  
  60  6:00  Pylon  
  61  6:05  Probe  
  61  6:08  Pylon  
  62  6:11  Protoss Ground Weapons Level 1 (Chrono Boost)  
  62  6:18  Probe  
  62  6:19  Stalker x2  
  62  6:22  Pylon  
  67  6:26  Probe  
  68  6:35  Probe  
  68  6:38  Probe  
  70  6:43  Observer (Chrono Boost)  
  71  6:47  Stalker x2  
  71  6:50  Stalker  
  76  6:59  Immortal (Chrono Boost)  
  80  7:04  Pylon  
  80  7:06  Pylon  
  80  7:08  Photon Cannon  
  73  7:27  Stalker x2  
  73  7:32  Probe  
  73  7:36  Stalker  
  76  7:42  Nexus  
  76  7:43  Pylon  
  76  7:53  Probe  
  76  7:54  Probe  
  76  7:57  Assimilator  
  79  7:58  Observer  
  79  8:00  Sentry, Pylon  
  79  8:04  Shield Battery  
  79  8:05  Probe  
  82  8:06  Probe  
  82  8:07  Stalker  
  82  8:08  Photon Cannon  
  82  8:10  Pylon  
  82  8:11  Photon Cannon  
  85  8:17  Probe  
  85  8:18  Observer, Probe  
  87  8:25  Stalker x2  
  91  8:29  Probe  
  91  8:30  Probe, Gateway  
  93  8:36  Gateway  
  94  8:41  Probe  
  94  8:42  Probe  
  94  8:48  Stalker  
  97  8:52  Zealot x2  
  97  8:53  Probe  
  97  8:54  Probe  
  99  8:55  Probe  
  99  8:59  Shield Battery  
  93  9:05  Probe  
  93  9:07  Probe  
  81  9:10  Probe  
  81  9:13  Stalker x2  
  81  9:16  Shield Battery  
  74  9:22  Zealot  
  69  9:30  Probe  
  57  9:33  Probe x2  
  59  9:41  Zealot  
  59  9:42  Probe  
  59  9:43  Stalker  
  60  9:47  Observer, Stalker  
  52  10:00  Stalker x2  
  52  10:03  Stalker  
Tags
 
Add a new tag
Caveats
  • Supply blocks, unpowered buildings, or Contaminate may cause inaccurate times.
  • Supply counts are checked every 10 seconds.